General information
- name: grudge03
- type: Custom game
- host: AgentCodyBanks
- saver: AgentCodyBanks
map: TirisfalGlades
- players: 4
- length: 12:20
- speed: Fast
- version: 1.21 W3XP
- replay type: Public
» download(45 KB)
Players
team 1 (loser)
gREEDoFtHEnOOB (
blue | 74 APM | 911 actions | 12:18)
4 Archmage
2 Summon Water Elemental
2 Brilliance Aura
2 Mountain King
1 Storm Bolt
1 Thunder Clap
» actions
| Assign group hotkey | 29 | |
| Basic commands | 74 | |
| Build / train | 45 | |
| Enter build submenu | 21 | |
| Enter hero's abilities submenu | 6 | |
| Right click | 296 | |
| Select / deselect | 273 | |
| Select group hotkey | 120 | |
| Use ability | 47 | |
911 total
» units
| Peasant | 10 | |
| Footman | 10 | |
| Murloc Huntsman | 3 | |
| Spell Breaker | 3 | |
| Kobold | 1 | |
| Assassin | 1 | |
| Kobold Geomancer | 1 | |
29 total
» upgrades
» buildings
| Altar of Kings | 1 | |
| Farm | 8 | |
| Barracks | 1 | |
| Scout Tower | 3 | |
| Arcane Tower | 1 | |
| Keep | 1 | |
| Arcane Vault | 1 | |
| Lumber Mill | 1 | |
| Blacksmith | 1 | |
| Arcane Sanctum | 1 | |
| Town Hall | 1 | |
20 total
» build order
00:08 Altar of Kings
00:18 Farm
00:22 Farm
00:33 Barracks
01:30 Scout Tower
01:59 Arcane Tower
02:05 Farm
03:05 Farm
03:31 Keep
03:32 Arcane Vault
03:39 Farm
03:41 Farm
03:48 Lumber Mill
05:17 Farm
05:34 Blacksmith
06:20 Arcane Sanctum
07:01 Farm
09:31 Town Hall
09:53 Scout Tower
09:55 Scout Tower
» items
| Scroll of Regeneration | 2 | |
| Scroll of Town Portal | 1 | |
3 total
team 2 (winner)
erz (
red | 129 APM | 1587 actions | 12:19)
5 Mountain King
2 Storm Bolt
3 Thunder Clap
» actions
| Assign group hotkey | 397 | |
| Basic commands | 56 | |
| Build / train | 62 | |
| ESC pressed | 2 | |
| Enter build submenu | 25 | |
| Enter hero's abilities submenu | 5 | |
| Give item / drop item | 1 | |
| Right click | 562 | |
| Select / deselect | 169 | |
| Select group hotkey | 213 | |
| Use ability | 95 | |
1587 total
» units
| Peasant | 19 | |
| Footman | 12 | |
| Assassin | 1 | |
32 total
» upgrades
» buildings
| Altar of Kings | 1 | |
| Barracks | 3 | |
| Farm | 5 | |
| Arcane Vault | 1 | |
| Lumber Mill | 1 | |
| Scout Tower | 10 | |
| Guard Tower | 9 | |
| Town Hall | 1 | |
| Arcane Tower | 1 | |
| Keep | 1 | |
| Arcane Sanctum | 2 | |
| Castle | 1 | |
36 total
» build order
00:07 Altar of Kings
00:20 Barracks
00:34 Farm
01:04 Farm
02:07 Farm
02:23 Farm
04:08 Farm
04:21 Barracks
04:24 Barracks
04:25 Arcane Vault
04:28 Lumber Mill
05:43 Scout Tower
05:44 Scout Tower
06:29 Guard Tower
06:30 Scout Tower
06:31 Scout Tower
06:37 Scout Tower
06:38 Scout Tower
06:40 Town Hall
06:45 Scout Tower
07:06 Guard Tower
07:13 Guard Tower
07:13 Guard Tower
07:14 Guard Tower
07:14 Guard Tower
07:22 Arcane Tower
08:13 Keep
08:37 Guard Tower
09:02 Scout Tower
09:03 Scout Tower
09:04 Scout Tower
10:23 Guard Tower
10:42 Arcane Sanctum
10:43 Arcane Sanctum
10:53 Guard Tower
11:44 Castle
» items
| Scroll of Regeneration | 3 | |
| Lesser Clarity Potion | 3 | |
| Potion of Lesser Invulnerability | 1 | |
| Scroll of Healing | 1 | |
| Scroll of Town Portal | 1 | |
| Potion of Mana | 2 | |
11 total
refereesAgentCodyBanks,
royceroyce2001 Chat log
(00:00) gREEDoFtHEnOOB: rd
(00:15 / All) gREEDoFtHEnOOB: good game perfect play en taro adun
(00:48 / All) gREEDoFtHEnOOB: were you at castle last game
(00:52 / All) erz: nah
(00:54 / All) erz: tier1 mostly
(00:55 / All) gREEDoFtHEnOOB: lmao
(00:57 / All) gREEDoFtHEnOOB: :(
(01:02 / All) erz: mercs
(01:06 / All) gREEDoFtHEnOOB: lobstercraft
(01:07 / Referees) AgentCodyBanks: damn for all turks shittalk..!
(01:08 / All) erz: means u dont really have to tech
(01:09 / All) erz: with expo
(01:43 / Referees) AgentCodyBanks: 1497
(01:55 / Referees) AgentCodyBanks: perhaps the strange number will drive erz's ocd insane
(02:02 / Referees) royceroyce2001: weakened the foundation
(02:10 / Referees) royceroyce2001: one day the town hall will mysteriously collapse
(02:30 / Referees) AgentCodyBanks: erz really likes militia creepin
(02:37 / Referees) royceroyce2001: turk does too
(02:45 / Referees) AgentCodyBanks: no ive seen erz do it in tower games
(02:48 / Referees) AgentCodyBanks: for green camps
(03:04 / Referees) AgentCodyBanks: when we have perfectly good heroes!!
(03:47 / Referees) royceroyce2001: ls is tearing erz up
(03:54 / Referees) AgentCodyBanks: ya
(05:23 / Referees) AgentCodyBanks: so uh what spoint of buying unit equivalent to pesant
(05:29 / Referees) AgentCodyBanks: (im no wc pro)
(05:37 / Referees) royceroyce2001: the huntsman?
(05:39 / Referees) royceroyce2001: it can net
(05:41 / Referees) AgentCodyBanks: oo
(05:56 / Referees) AgentCodyBanks: both expoin
(06:01 / Referees) AgentCodyBanks: and ez loses a footman
(06:09 / Referees) royceroyce2001: turk lost a few too
(06:38 / Referees) royceroyce2001: the expos are pretty out of the way
(06:42 / Referees) AgentCodyBanks: yeah
(07:07 / Referees) AgentCodyBanks: uh oh erz!! he be intruding on your property
(07:46 / Referees) AgentCodyBanks: jack dat erz!!
(07:50 / Referees) AgentCodyBanks: uh oh
(07:51 / Referees) royceroyce2001: newp
(08:01 / Referees) AgentCodyBanks: ooh turk
(08:02 / Referees) royceroyce2001: welp
(08:06 / Referees) AgentCodyBanks: perfect play
(08:27 / Referees) royceroyce2001: mk not being rezzed
(08:30 / Referees) AgentCodyBanks: tav res
(08:34 / Referees) royceroyce2001: oic
(08:48 / Referees) AgentCodyBanks: erz certainly likes his pesansts
(09:24 / Referees) royceroyce2001: dead huntsman
(10:25 / Referees) royceroyce2001: erz has 1.2k gold
(10:28 / Referees) royceroyce2001: should spend
(10:33 / Referees) AgentCodyBanks: knights?
(10:39 / Referees) royceroyce2001: just got keep
(10:41 / Referees) royceroyce2001: cant get knights
(10:50 / Referees) AgentCodyBanks: mb hes savin
(10:54 / Referees) AgentCodyBanks: and he will make
(10:57 / Referees) royceroyce2001: used 600 for arcane
(10:59 / Referees) AgentCodyBanks: 28 knights at once
(11:05 / Referees) AgentCodyBanks: casters
(11:08 / All) gREEDoFtHEnOOB: yeah
(11:09 / Referees) royceroyce2001: good jack
(11:09 / All) gREEDoFtHEnOOB: i blame the map
(11:11 / Referees) AgentCodyBanks: double arcane sanctums..
(11:15 / Referees) AgentCodyBanks: breakerS?
(11:20 / All) gREEDoFtHEnOOB: some bullshit creep camp
(11:26 / Referees) AgentCodyBanks: ahaha turk
(11:26 / All) erz: ya
(11:30 / Referees) AgentCodyBanks: you and your excuses
(11:36 / Referees) AgentCodyBanks: he didnt upg
(11:41 / Referees) AgentCodyBanks: and he got plenty resoucres
(11:47 / All) gREEDoFtHEnOOB: one more on a non gay map perhaps
(11:48 / All) gREEDoFtHEnOOB: ?
(11:49 / Referees) AgentCodyBanks: finish the damn farm jeez
(11:52 / All) erz: sure
(11:59 / All) gREEDoFtHEnOOB: what the fuck
(12:03 / All) gREEDoFtHEnOOB: why would anyone get a kobold
(12:06 / All) gREEDoFtHEnOOB: 240 hp
(12:06 / All) royceroyce2001: Adrenaline please
(12:08 / Referees) AgentCodyBanks: hes gonna quit
(12:10 / Referees) AgentCodyBanks: hes just doin it
(12:13 / Referees) AgentCodyBanks: for shits n giggles
(12:15 / All) gREEDoFtHEnOOB: hwat a dumb map
(12:18 / All) gREEDoFtHEnOOB: for dumb butts